 Dungeon Crawl Stone Soup version 0.19.5 (webtiles) character file.

350 JeffiDaFish the Shield-Bearer (level 6, -5/38 HPs)
             Began as a Gargoyle Fighter on Mar 25, 2017.
             Slain by an orc warrior
             ... wielding a +0 dire flail
              (8 damage)
             ... on level 3 of the Dungeon.
             The game lasted 00:04:50 (2406 turns).

JeffiDaFish the Shield-Bearer (Gargoyle Fighter)    Turns: 2406, Time: 00:04:51

Health: -5/38      AC: 12    Str: 20    XL:     6   Next: 61%
Magic:  6/6        EV:  8    Int:  8    God:
Gold:   124        SH: 10    Dex: 11    Spells: 0 memorised, 5 levels left

rFire  . . .     SeeInvis .     d - +0 morningstar
rCold  + . .     Gourm    .     b - +0 scale mail
rNeg   + . .     Faith    .     c - +0 shield
rPois  ∞         Spirit   .     (no helmet)
rElec  +         Reflect  .     (no cloak)
rCorr  .         Harm     .     m - +0 pair of gloves
MR     .....                    (no boots)
Stlth  +.........               (no amulet)
                                j - ring of stealth
                                e - ring of protection from cold

@: no status effects
A: negative energy resistance 1, electricity resistance, unbreathing,
petrification resistance, rot immunity, AC +4
a: no special abilities


You were on level 3 of the Dungeon.
You were not hungry.

You visited 1 branch of the dungeon, and saw 3 of its levels.

You collected 124 gold pieces.

Inventory:

Hand Weapons
 a - a +0 flail
 d - a +0 morningstar (weapon)
Armour
 b - a +0 scale mail (worn)
 c - a +0 shield (worn)
 m - a +0 pair of gloves (worn)
Jewellery
 e - a ring of protection from cold (left hand)
 j - a ring of stealth (right hand)
Scrolls
 k - a scroll of remove curse
Comestibles
 f - 2 bread rations
 g - a chunk of flesh
 h - 2 fruits
 i - 2 meat rations


   Skills:
 + Level 3.9 Fighting
 + Level 3.8 Maces & Flails
 + Level 4.6 Armour
 + Level 1.7 Dodging
 + Level 5.0 Shields


You had 5 spell levels left.
You didn't know any spells.

Dungeon Overview and Level Annotations

Branches:
Dungeon (3/15)

Altars:


Innate Abilities, Weirdness & Mutations

You are resistant to torment.
Your stone body is resilient. (AC +4)
You are immune to poison.
You resist negative energy. (rN+)
You are resistant to electric shocks. (rElec)
You can survive without breathing.
You are immune to petrification.
You are immune to rotting.


Message History

The kobold hits you but does no damage.
There is a stone staircase leading up here.
You hit the orc warrior but do no damage.
You block the orc warrior's attack. The kobold hits you but does no damage.
The orc warrior hits you with a dire flail!
Your shield and scale mail prevent you from hitting the orc warrior.
The kobold hits you but does no damage.
The orc warrior hits you but does no damage.
The kobold hits you.
Your shield and scale mail prevent you from hitting the orc warrior.
The orc warrior hits you with a dire flail!
The kobold barely misses you.
You closely miss the orc warrior.
The orc warrior hits you with a dire flail!
* * * LOW HITPOINT WARNING * * *
You block the kobold's attack.
You closely miss the orc warrior. You block the orc warrior's attack.
The kobold barely misses you.
The orc warrior hits you with a dire flail!
You die...

# # #### ########## ...#
#........# ...# ##........#
...# ###.........# .###
#...........######### .#
#.#.#.#...K.o.......#### )#
##.#.#......@...........#
.#
#....#..#............##.#
.#
#..#.......#.###..#####.#
.#
#..........#[###..#####.#
##
#..........#......#.....#
##############..##.##.#####
#.........o...........#
###.##.########.#...###.#
....##.## #.............#


You could see an orc warrior and a kobold.

Vanquished Creatures
  Sigmund (D:3)
  An orc priest (D:3)
  Natasha (D:3)
  6 adders (D:2)
  2 oozes (D:1)
  A worm (D:2)
  A dart slug (D:1)
  2 leopard geckos
  2 orcs (D:3)
  A ball python (D:2)
  5 giant cockroaches
  7 goblins
  9 hobgoblins
  11 jackals
  A quokka (D:3)
  11 bats
  A frilled lizard (D:1)
  7 kobolds
  13 rats
83 creatures vanquished.

Notes
Turn   | Place    | Note
-------+----------+-------------------------------------------
     0 | D:1      | JeffiDaFish the Gargoyle Fighter began the quest for the Orb.
     0 | D:1      | Reached XP level 1. HP: 14/14 MP: 1/1
   139 | D:1      | Reached XP level 2. HP: 19/19 MP: 2/2
   232 | D:1      | Reached XP level 3. HP: 24/24 MP: 3/3
   981 | D:2      | Reached XP level 4. HP: 11/29 MP: 4/4
  1205 | D:2      | Reached skill level 4 in Shields
  1399 | D:2      | Reached XP level 5. HP: 33/33 MP: 5/5
  1750 | D:3      | Noticed Sigmund
  1770 | D:3      | Killed Sigmund
  1770 | D:3      | Reached skill level 1 in Dodging
  1770 | D:3      | Reached XP level 6. HP: 18/38 MP: 6/6
  2062 | D:3      | Noticed Natasha
  2067 | D:3      | Killed Natasha
  2107 | D:3      | Noticed an orc warrior
  2114 | D:3      | Reached skill level 5 in Shields
  2406 | D:3      | Slain by an orc warrior

Skill      XL: |  1  2  3  4  5  6 |
---------------+-------------------+-----
Armour         | 4 |  4.6
Shields        | 4 5 |  5.0
Maces & Flails | 3 |  3.8
Dodging        | 1 |  1.7
Fighting       | |  3.9

Action                   |  1- 3 |  4- 6 || total
-------------------------+-------+-------++-------
Melee: Flail             |   148 |   165 ||   313
       Morningstar       |       |    79 ||    79
  Use: Potion            |     4 |     4 ||     8
       Scroll            |     2 |     2 ||     4
  Eat: Chunk             |     1 |     5 ||     6
Armor: Scale mail        |   105 |   204 ||   309
Dodge: Dodged            |    57 |   123 ||   180
Block: Shield            |   100 |   223 ||   323
